AoeStats
← Comend x comend

MegaRandom

507193382Analyzed
4v4 RM · 14d ago on Sep 17, 2026· 42m 46s· 8 players
Game mode
Random Map
Map size
Large (8 player)
Population
200
Speed
Normal
Resources
Standard
Victory
Conquest
Starting age
Dark Age
Ending age
Imperial Age
RankedLock teamsTeams togetherTeam positionsShared explorationLock speedFull tech treeHidden civsTurbo modeCheats
Victory
Defeat
🇦🇷 Persians · Argentina
1336
+17
🇦🇷 Inca · Argentina
1327
+18
🇨🇴 Berbers · Colombia
1303
+19
🇨🇱 Magyars · Chile
1260
+20
🇺🇸 Ethiopians · United States
1437
-21
🇲🇽 Gurjaras · Mexico
1362
-19
🇵🇪 Dravidians · Peru
1359
-18
🇺🇸 Jurchens · United States
1301
-16
Ziton127
6:55 Loom
10:00 Feudal Age
10:33 Double-Bit Axe
13:20 Horse Collar
22:33 Castle Age
21:04 Gold Mining
21:29 Bloodlines
23:10 Light Cavalry
26:00 Stone Mining
34:10 Heavy Plow
35:16 Scale Barding Armor
35:22 Forging
36:42 Chain Barding Armor
38:03 Iron Casting
37:35 Kshatriyas
43:22 Imperial Age
41:19 Husbandry
Comend x comend
7:28 Loom
8:08 Loom
11:18 Feudal Age
11:34 Man-at-Arms
14:07 Horse Collar
26:43 Castle Age
26:54 Crossbowman
27:39 Thumb Ring
28:31 Double-Bit Axe
GareBear330
6:12 Loom
9:33 Feudal Age
12:40 Fletching
27:32 Castle Age
25:34 Double-Bit Axe
27:42 Crossbowman
28:22 Bodkin Arrow
32:34 Ballistics
32:17 Padded Archer Armor
43:47 Imperial Age
G31GER
6:17 Loom
7:12 Loom
9:29 Feudal Age
10:08 Horse Collar
10:20 Double-Bit Axe
22:35 Castle Age
21:51 Horse Collar
32:24 Wheelbarrow
32:31 Squires
32:11 Pikeman
35:47 Arson
38:50 Scale Mail Armor
39:01 Forging
39:29 Hand Cart
43:08 Imperial Age
ReaperAOE2
7:24 Loom
9:42 Feudal Age
9:42 Champi Runner
11:36 Scale Mail Armor
17:07 Arson
18:35 Forging
24:36 Double-Bit Axe
32:14 Wheelbarrow
31:44 Horse Collar
36:10 Castle Age
36:10 Champi Warrior
36:52 Squires
37:08 Chain Mail Armor
37:48 Iron Casting
38:46 Pikeman
42:25 Squires
Valenp34
6:14 Loom
10:23 Feudal Age
10:48 Double-Bit Axe
12:09 Scale Barding Armor
15:26 Forging
16:21 Horse Collar
22:35 Castle Age
21:33 Bloodlines
23:28 Chain Barding Armor
23:41 Husbandry
25:30 Light Cavalry
29:57 Gold Mining
31:00 Stone Mining
34:00 Fletching
39:17 Imperial Age
39:03 Cavalier
41:41 Plate Barding Armor
41:18 Heavy Plow
SMNT - TavoAoe
7:24 Loom
10:16 Feudal Age
20:47 Scale Barding Armor
22:24 Bloodlines
28:32 Double-Bit Axe
31:21 Castle Age
30:25 Padded Archer Armor
30:42 Fletching
31:47 Elite Skirmisher
39:51 Bodkin Arrow
41:30 Ballistics
SMNT - KMUS
2:30 Loom
10:30 Feudal Age
11:06 Double-Bit Axe
18:08 Wheelbarrow
18:08 Forging
19:29 Fletching
21:04 Padded Archer Armor
23:13 Gold Mining
23:06 Horse Collar
26:37 Castle Age
25:27 Scale Barding Armor
25:55 Bloodlines
26:53 Light Cavalry
29:33 Chain Barding Armor
30:46 Husbandry
32:03 Hand Cart
32:30 Iron Casting
40:52 Bodkin Arrow
43:50 Imperial Age
41:06 Town Watch
42:29 Gold Shaft Mining
41:44 Stone Mining
Connection lost

Rejoining the realm…

Still unreachable

The connection could not be restored.

Session expired

The server has moved on; the page needs a fresh start.